 Dungeon Crawl Stone Soup version 0.26-a0-695-g987792ac36 (webtiles) character file.

Game seed: 6353521774942876634

75422 jestyr24 the Fencer (level 15, -1/139 HPs)
             Began as a Minotaur Monk on Oct 22, 2020.
             Was the Champion of Trog.
             Killed from afar by a bog body (3 damage)
             ... with a bolt of cold
             ... while paralysed by a hornet
             ... on level 1 of the Swamp on Oct 25, 2020.
             The game lasted 02:53:15 (19572 turns).

jestyr24 the Fencer (Minotaur Monk)                Turns: 19572, Time: 02:53:15

Health: -1/139     AC: 30    Str: 27    XL:     15   Next: 9%
Magic:  14/14      EV:  2    Int:  7    God:    Trog [******]
Gold:   1235       SH:  0    Dex: 14    Spells: 14/14 levels left

rFire    + . .     SeeInvis +   r - +8 great sword (vorpal)
rCold    . . .     Faith    .   (shield currently unavailable)
rNeg     . . .     Spirit   .   Q - +5 plate armour {rF+}
rPois    .         Reflect  .   B - +2 hat
rElec    .         Harm     .   q - +0 cloak
rCorr    .         Rampage  .   m - +0 pair of gloves
MR       +....                  l - +2 pair of boots
Stlth    ..........             h - amulet of regeneration
HPRegen  0.73/turn              U - ring of see invisible
MPRegen  0.14/turn              T - +6 ring of strength

@: paralysed, lethally poisoned (-1 -> -2)
A: retaliatory headbutt, horns 2
a: Berserk, Trog's Hand, Brothers in Arms, Renounce Religion


You were on level 1 of the Swamp.
You worshipped Trog.
Trog was exalted by your worship.
You visited 3 branches of the dungeon, and saw 20 of its levels.
You also visited: Sewer and Volcano.

You collected 1585 gold pieces.
You spent 350 gold pieces at shops.

Inventory:

Hand Weapons
 o - a +5 triple sword of flaming
 r - a +8 vorpal great sword (weapon)
 F - a cursed +5 scimitar
Missiles
 b - 10 atropa-tipped darts
 C - 19 boomerangs (quivered)
 K - 2 throwing nets
 N - 3 curare-tipped darts
Armour
 l - a +2 pair of boots (worn)
 m - a +0 pair of gloves (worn)
 q - a +0 cloak (worn)
 x - a +0 buckler
 B - a +2 hat (worn)
 Q - a +5 plate armour of fire resistance (worn)
 Z - a +1 plate armour of cold resistance
Jewellery
 e - an uncursed ring of flight
 h - an amulet of regeneration (around neck)
 y - an uncursed ring of protection from cold
 A - an uncursed amulet of the acrobat
 D - an uncursed ring of poison resistance
 P - an uncursed ring of resist corrosion
 T - a +6 ring of strength (right hand)
 U - a ring of see invisible (left hand)
 Y - the ring "Keonow" {Fire rPois Str+4 Dex+2}
   (You found it on level 12 of the Dungeon)

   [ring of fire]

   It enhances your fire magic.
   It affects your strength (+4).
   It affects your dexterity (+2).
   It protects you from fire.
   It makes you vulnerable to cold.
   It protects you from poison.
Wands
 a - a wand of random effects (127)
 g - a wand of enslavement (37)
 z - a wand of flame (53)
 H - a wand of acid (13)
 O - a wand of iceblast (6)
 S - a wand of polymorph (14)
Scrolls
 d - 4 scrolls of blinking
 f - 12 scrolls of remove curse
 i - 3 scrolls of magic mapping
 j - 7 scrolls of teleportation
 p - 11 scrolls of identify
 G - 6 scrolls of fear
Potions
 c - 4 potions of stabbing
 k - a potion of might
 n - 5 potions of haste
 u - a potion of mutation
 v - 3 potions of resistance
 w - 4 potions of flight
 J - 5 potions of berserk rage
 W - a potion of ambrosia
Miscellaneous
 t - a phantom mirror
 L - a lightning rod (4/4)
 R - a tin of tremorstones (1/3)
 V - a phial of floods
 X - a tin of tremorstones (1/3)


   Skills:
 * Level 14.4 Fighting
   Level 4.9(11.0) Short Blades
 * Level 16.0(16.3) Long Blades
 - Level 7.8 Throwing
 * Level 14.5 Armour
 * Level 11.2 Dodging
 - Level 1.6 Stealth
 * Level 7.8 Evocations


You had 14 spell levels left.
You didn't know any spells.
Your spell library contained the following spells:

 Spells                   Type           Power        Failure   Level
 Beastly Appendage        Tmut           #.....       97%         1
 Wereblood                Tmut           #.......     99%         2
 Spider Form              Tmut/Pois      #.........   100%        3
 Cause Fear               Hex            #.........   100%        4
 Ice Form                 Ice/Tmut       #.......     100%        4
 Blade Hands              Tmut           #.........   100%        5
 Silence                  Hex/Air        #.........   100%        5
 Yara's Violent Unravell  Hex/Tmut       #.........   100%        5
 Discord                  Hex            #.........   100%        8


Dungeon Overview and Level Annotations

Branches:
Dungeon (13/15)            Temple (0/1) D:4            Lair (6/6) D:10
  Swamp (1/4) Lair:2       Spider (0/4) Lair:2        Slime (0/5) Lair:5
    Orc (0/2) D:12          Sewer (visited)         Volcano (visited)
 Vaults: D:13-14

Altars:
Ashenzari
Dithmenos
Elyvilon
Gozag
Makhleb
Nemelex Xobeh
Qazlal
Ru
Sif Muna
Trog
Uskayaw
Vehumet
Wu Jian
Xom
Zin

Shops:
D:5 [   D:6 (}:}(   D:9 *   D:11 *

Portals:
Trove: D:10 (give 6 scrolls of blinking)

Annotations:
D:10 3 runed translucent doors, HilariousDeathArtist's ghost, journeyman HuFi


Innate Abilities, Weirdness & Mutations

You reflexively headbutt those who attack you in melee.
You have a pair of horns on your head.


Message History

* * * LOW HITPOINT WARNING * * *
The grasping roots constrict you.
You escape the roots' grasp.
The hornet completely misses you. You furiously retaliate!
You headbutt the hornet! The bog body casts a spell at you.
The bolt of cold hits you!!
* * * LOW HITPOINT WARNING * * *
There is a staircase back to the Lair here.
The hornet stings you but does no damage.
The hornet stings you.
* * * LOW HITPOINT WARNING * * *
You are poisoned.
You suddenly lose the ability to move!
The shambling mangrove hits you!
* * * LOW HITPOINT WARNING * * *
* * * LOW HITPOINT WARNING * * *
You feel sick.
The hornet stings you but does no damage.
The bog body casts a spell at you. The bolt of cold hits you.
You die...

♣♣♣♣
♣≈..♣♣♣♣
♣≈≈n...♣♣
♣.≈≈...≈♣
♣≈..@.♣♣♣≈.♣
♣♣≈.yf....≈♣
♣♣.≈≈.≈≈.≈♣
♣≈≈)≈≈≈≈≈≈≈♣
♣≈≈≈≈≈.....≈
♣♣≈≈≈.......
♣......≈≈.≈
♣♣≈.≈..≈≈≈≈
♣♣≈......≈


You could see a shambling mangrove, a bog body and a hornet.

Vanquished Creatures
  Gastronok (D:9)
  A red draconian (Volcano)
  15 hydras
  The ghost of Voteju the Slinger, a journeyman HaHu of Ru (D:13)
  3 boulder beetles
  An ogre mage (Volcano)
  7 two-headed ogres
  Erica (Lair:2)
  3 tengu warriors
  5 death yaks (Lair:4)
  Urug (Lair:1)
  14 spriggans
  Sonja (D:11)
  Nergalle (Lair:1)
  2 unseen horrors
  A lindwurm (Lair:5)
  An orc knight (D:13)
  A manticore (D:12)
  A cyclops (D:13)
  9 elephants
  4 black mambas
  Maurice (D:10)
  2 torpor snails
  2 gargoyles
  14 cane toads
  2 rime drakes
  An efreet (D:13)
  A tengu conjurer (D:11)
  4 komodo dragons
  5 polar bears (Lair:6)
  4 trolls
  Prince Ribbit (D:6)
  5 hornets
  16 blink frogs
  A merfolk (D:10)
  9 dream sheep
  2 shadows (D:11)
  3 redbacks (Lair:2)
  2 wyverns
  49 yaks
  5 basilisks
  A vampire (D:13)
  Menkaure (D:6)
  Edmund (D:4)
  12 water moccasins
  Duvessa (D:6)
  3 ice beasts
  A black bear (D:6)
  14 orc warriors
  3 sky beasts
  A necrophage (D:12)
  2 phantoms
  4 boggarts (Lair:6)
  7 ogres
  46 wolves
  8 centaurs
  14 bullfrogs
  A big kobold (D:9)
  Dowan (D:6)
  7 scorpions
  12 wights
  13 killer bees
  2 electric eels (Lair:1)
  A howler monkey (D:8)
  A crimson imp (D:4)
  2 centaur zombies
  5 hounds
  5 jellies
  17 orc priests
  A bullfrog skeleton (D:4)
  13 orc wizards
  10 worker ants
  3 centaur skeletons
  2 iguanas (D:4)
  A merfolk siren (Sewer)
  A merfolk avatar (Sewer)
  2 hound skeletons
  4 worker ant zombies
  A howler monkey skeleton (D:7)
  18 adders
  2 river rats (Sewer)
  3 shadow imps
  2 white imps (D:7)
  2 ufetubi
  An ooze (D:5)
  An adder skeleton (D:4)
  5 worms
  4 dart slugs
  5 leopard geckos
  62 orcs
  5 ball pythons
  6 giant cockroaches
  7 goblins
  6 hobgoblins
  4 jackals
  3 quokkas
  12 bats
  10 frilled lizards
  15 kobolds
  33 rats
633 creatures vanquished.

Vanquished Creatures (others)
  An electric eel (D:12)
  3 orcs (D:12)
  9 fungi
  4 plants
17 creatures vanquished.

Grand Total: 650 creatures vanquished

Notes
Turn   | Place    | Note
-------+----------+-------------------------------------------
     0 | D:1      | jestyr24 the Minotaur Monk began the quest for the Orb.
     0 | D:1      | Reached XP level 1. HP: 19/19 MP: 0/0
   164 | D:1      | Reached XP level 2. HP: 21/27 MP: 1/1
   174 | D:1      | Found a white marble altar of Elyvilon.
   747 | D:1      | Reached XP level 3. HP: 32/33 MP: 2/2
   862 | D:2      | Reached skill level 1 in Armour
  1093 | D:2      | Found a shimmering blue altar of Sif Muna.
  1125 | D:2      | Reached XP level 4. HP: 41/41 MP: 3/3
  1696 | D:3      | Found a bloodstained altar of Trog.
  1706 | D:3      | Became a worshipper of Trog the Wrathful
  1706 | D:3      | Reached * piety under Trog
  1706 | D:3      | Reached ** piety under Trog
  1757 | D:3      | Reached skill level 1 in Throwing
  1829 | D:3      | Reached skill level 5 in Fighting
  1865 | D:3      | Reached XP level 5. HP: 48/48 MP: 4/4
  1905 | D:3      | Noticed a +0 hand axe
  1905 | D:3      | Noticed a +0 dagger
  1908 | D:3      | Found a hide-covered altar of Uskayaw.
  2489 | D:4      | Reached skill level 1 in Short Blades
  2502 | D:4      | Noticed an ogre
  2507 | D:4      | Killed an ogre
  2507 | D:4      | Reached XP level 6. HP: 56/56 MP: 5/5
  2511 | D:4      | Found an ornate altar of the Wu Jian Council.
  2567 | D:4      | Found a staircase to the Ecumenical Temple.
  2796 | D:4      | Found a burning altar of Makhleb.
  2796 | D:4      | Found a radiant altar of Vehumet.
  2836 | D:4      | Noticed Edmund
  2853 | D:4      | Killed Edmund
  2886 | D:4      | Reached XP level 7. HP: 49/62 MP: 6/6
  2907 | D:4      | Found an opulent altar of Gozag.
  2981 | D:4      | Found a sparkling altar of Nemelex Xobeh.
  3037 | D:4      | Reached skill level 5 in Dodging
  3278 | D:5      | Entered Level 5 of the Dungeon
  3398 | D:5      | Reached skill level 5 in Armour
  3405 | D:5      | Reached *** piety under Trog
  3846 | D:5      | Found a stormy altar of Qazlal.
  3944 | D:5      | Reached XP level 8. HP: 71/71 MP: 7/7
  4144 | D:5      | Found Kicvit's Antique Armour Boutique.
  4354 | D:5      | Found a sacrificial altar of Ru.
  4635 | D:6      | Found Tetsos's Book Shop.
  4644 | D:6      | Found Cidi's Gadget Shoppe.
  4662 | D:6      | Found Nykkav's Weapon Emporium.
  4704 | D:6      | Found a glowing drain.
  4713 | Sewer    | Entered a sewer
  4852 | Sewer    | Reached **** piety under Trog
  5074 | D:6      | Bought a +0 great sword for 84 gold pieces
  5083 | D:6      | Reached skill level 4 in Long Blades
  5124 | D:6      | Noticed Menkaure
  5131 | D:6      | Killed Menkaure
  5382 | D:6      | Found Huodosew's Antique Weapon Boutique.
  5388 | D:6      | Noticed Prince Ribbit
  5403 | D:6      | Killed Prince Ribbit
  5545 | D:6      | Found Unawiug's Gadget Emporium.
  5673 | D:6      | Found a stormy altar of Qazlal.
  5675 | D:6      | Found a shimmering altar of Xom.
  5675 | D:6      | Found a broken altar of Ashenzari.
  5677 | D:6      | Found a stormy altar of Qazlal.
  5677 | D:6      | Found an ornate altar of the Wu Jian Council.
  5677 | D:6      | Found a stormy altar of Qazlal.
  5678 | D:6      | Reached skill level 5 in Long Blades
  5783 | D:6      | Noticed Duvessa
  5783 | D:6      | Noticed Dowan
  5792 | D:6      | Killed Duvessa
  5792 | D:6      | Reached XP level 9. HP: 70/79 MP: 8/8
  5798 | D:6      | Killed Dowan
  6323 | D:6      | Bought a runed great sword for 266 gold pieces
  6822 | D:7      | Upgraded the game from 0.26-a0-683-g5206c1d7ac to
                  | 0.26-a0-690-gcb57259078
  6869 | D:7      | Found a white marble altar of Elyvilon.
  7006 | D:7      | Reached skill level 6 in Long Blades
  7106 | D:7      | Found a shadowy altar of Dithmenos.
  7249 | D:7      | Found a broken altar of Ashenzari.
  7774 | D:8      | Reached skill level 7 in Long Blades
  7814 | D:8      | Found a glowing silver altar of Zin.
  7843 | D:8      | Reached ***** piety under Trog
  7980 | D:8      | Reached skill level 1 in Evocations
  8471 | D:9      | Noticed Gastronok
  8496 | D:9      | Killed Gastronok
  8496 | D:9      | Reached skill level 8 in Long Blades
  8496 | D:9      | Reached skill level 5 in Throwing
  8496 | D:9      | Reached XP level 10. HP: 81/91 MP: 9/9
  8795 | D:9      | Found Davaduich's Assorted Antiques.
  9145 | D:10     | Entered Level 10 of the Dungeon
  9145 | D:10     | Noticed a gargoyle
  9149 | D:10     | Reached skill level 9 in Long Blades
  9159 | D:10     | Killed a gargoyle
  9485 | D:10     | Received a gift from Trog
  9664 | D:10     | Noticed a two-headed ogre
  9676 | D:10     | Killed a two-headed ogre
 10159 | D:10     | Found a runed translucent gate.
 10159 | D:10     | Found a runed translucent gate.
 10160 | D:10     | Found a runed translucent gate.
 10164 | D:10     | Noticed HilariousDeathArtist's ghost (journeyman HuFi)
 10192 | D:10     | Reached XP level 11. HP: 57/97 MP: 10/10
 10198 | D:10     | Noticed Maurice
 10205 | D:10     | Killed Maurice
 10243 | D:10     | Reached skill level 10 in Long Blades
 10310 | D:10     | Found a staircase to the Lair.
 10641 | D:10     | Found a portal to a secret trove of treasure.
 11189 | D:11     | Killed an unseen horror
 11189 | D:11     | Reached skill level 10 in Armour
 11285 | D:11     | Reached skill level 10 in Fighting
 11325 | D:11     | Noticed a boulder beetle
 11335 | D:11     | Killed a boulder beetle
 11371 | D:11     | Noticed a tengu warrior
 11390 | D:11     | Killed a tengu warrior
 11470 | D:11     | Noticed Sonja
 11754 | D:11     | Found a burning altar of Makhleb.
 11829 | D:11     | Found Dyisk's Changing Room.
 12153 | D:11     | Killed Sonja
 12623 | Lair:1   | Entered Level 1 of the Lair of Beasts
 12637 | Lair:1   | Received a gift from Trog
 12795 | Lair:1   | Reached skill level 11 in Long Blades
 12817 | Lair:1   | Found a dark tunnel.
 12826 | Volcano  | Entered a volcano
 12846 | Volcano  | Noticed an ogre mage
 12865 | Volcano  | Killed an ogre mage
 12865 | Volcano  | Reached XP level 12. HP: 100/108 MP: 11/11
 12866 | Volcano  | Found a radiant altar of Vehumet.
 12869 | Volcano  | Noticed a two-headed ogre
 12871 | Volcano  | Killed a two-headed ogre
 12872 | Volcano  | Noticed a two-headed ogre
 12874 | Volcano  | Noticed a two-headed ogre
 12876 | Volcano  | Noticed a red draconian
 12880 | Volcano  | Killed a two-headed ogre
 12885 | Volcano  | Killed a two-headed ogre
 13003 | Volcano  | Noticed a two-headed ogre
 13003 | Volcano  | Noticed a two-headed ogre
 13003 | Volcano  | Noticed a two-headed ogre
 13014 | Volcano  | Killed a two-headed ogre
 13016 | Volcano  | Killed a two-headed ogre
 13019 | Volcano  | Killed a two-headed ogre
 13036 | Volcano  | Killed a red draconian
 13036 | Volcano  | Reached skill level 5 in Evocations
 13201 | Lair:1   | Noticed a six-headed hydra
 13215 | Lair:1   | Killed a ten-headed hydra
 13311 | Lair:1   | Noticed Urug
 13324 | Lair:1   | Killed Urug
 13385 | Lair:1   | Upgraded the game from 0.26-a0-690-gcb57259078 to
                  | 0.26-a0-695-g987792ac36
 13492 | Lair:1   | Reached skill level 12 in Long Blades
 13727 | Lair:1   | Noticed Nergalle
 13734 | Lair:1   | Killed Nergalle
 13842 | Lair:2   | Found a hole to the Spider Nest.
 13941 | Lair:2   | Found a staircase to the Swamp.
 14072 | Lair:2   | Noticed Erica
 14087 | Lair:2   | Killed Erica
 14128 | Lair:2   | Noticed a boulder beetle
 14141 | Lair:2   | Killed a boulder beetle
 14141 | Lair:2   | Reached XP level 13. HP: 112/118 MP: 12/12
 14871 | Lair:3   | Reached skill level 13 in Long Blades
 15095 | Lair:4   | Received a gift from Trog
 15324 | Lair:4   | Reached skill level 10 in Dodging
 15512 | Lair:4   | Reached skill level 14 in Long Blades
 15823 | Lair:5   | Reached XP level 14. HP: 127/129 MP: 13/13
 16058 | Lair:5   | Found a staircase to the Slime Pits.
 16149 | Lair:6   | Entered Level 6 of the Lair of Beasts
 16187 | Lair:6   | Received a gift from Trog
 16543 | Lair:6   | Got a slimy short sword
 16554 | Lair:6   | Identified the +4 short sword "Buny" {vorpal, rElec rF+
                  | MP+9} (You found it on level 6 of the Lair of Beasts)
 16622 | Lair:6   | Reached skill level 15 in Long Blades
 16807 | Lair:6   | Reached ****** piety under Trog
 16909 | Lair:6   | Received a gift from Trog
 17619 | D:12     | Got a transparent jade ring
 17620 | D:12     | Identified the ring "Keonow" {Fire rPois Str+4 Dex+2} (You
                  | found it on level 12 of the Dungeon)
 17724 | D:12     | Found a staircase to the Orcish Mines.
 18319 | D:13     | Found a runed translucent door.
 18323 | D:13     | Noticed Voteju's ghost (journeyman HaHu)
 18330 | D:13     | Killed Voteju's ghost
 18601 | D:13     | Received a gift from Trog
 18656 | D:13     | Found a shadowy altar of Dithmenos.
 18751 | D:13     | Reached XP level 15. HP: 127/139 MP: 14/14
 19202 | D:13     | Reached skill level 16 in Long Blades
 19558 | Swamp:1  | Entered Level 1 of the Swamp
 19571 | Swamp:1  | Paralysed by a hornet for 2 turns
 19571 | Swamp:1  | HP: 2/139 [shambling mangrove (14)]
 19572 | Swamp:1  | Killed from afar by a bog body

Illustrated notes

Levels and vault maps discovered:
D:1:      ncdulo_wetmaze, layout_loops_ring, minmay_hexomino_r4
D:2:      layout_basic, marbit_many_paths
D:3:      layout_basic, dancing_weapons_uskayaw, bloody_trog
D:4:      layout_cave_pools, grunt_temple_overflow_lords_of_destruction,
          lemuel_crystal_altar, nemelex_xobeh_ov_fountains_minmay,
          kennysheep_mini, minmay_temple_entry_tees, hangedman_decor_push,
          uniq_edmund
D:5:      layout_layer_cave, old_standard_altar, kennysheep_little_box,
          serial_shops, nicolae_shop_stone
D:6:      layout_loops_cross, portal_sewer_entry_d, serial_shops, shop, shop,
          kennysheep_mini_moat, shop, shop_coins, minivault_25,
          doesnt_xom_only_xom, uniq_menkaure, uniq_duvessa, uniq_prince_ribbit1
D:7:      layout_loops_ring, elyvilon_altar_5, old_standard_altar, basic_altar,
          feat_on_display
D:8:      layout_rooms, zin_scriptorium
D:9:      layout_loops_ring, serial_shops, shop, uniq_gastronok
D:10:     layout_loops_ring, lair_entry_dummy, enter_trove_3,
          gammafunk_ghost_necromancy, hangedman_fish_farm, uniq_maurice
D:11:     layout_loops_ring, basic_altar, nicolae_transmutations_shop,
          minmay_checkerbox, uniq_sonja
D:12:     layout_loops_ring, orc_0_dummy, lemuel_freeze_loot_1
D:13:     layout_long_grid, gammafunk_ghost_grave, special_room
          [special_room_orc], grunt_dithmenos_smoke_and_mirrors
Lair:1:   layout_hall_layers, lightli_volcano_entry_magma_tube,
          infiniplex_staircase_pool, serial_bayou_shore_b, uniq_urug,
          uniq_nergalle
Lair:2:   layout_hall_layers, swamp_mist_pool, spider_nest_entry_webs,
          minivault_23, lemuel_fruit_tree, uniq_erica
Lair:3:   wander_river, layout_chaotic_city
Lair:4:   layout_gridlike, lemuel_fruit_fields
Lair:5:   layout_big_grid, slime_dummy
Lair:6:   minmay_lair_end_enchanted_forest, layout_misc_corridors,
          grunt_megastairs_3
Swamp:1:  layout_basic_swamp, wheals_swamp_sinkhole

Skill      XL: |  1  2  3  4  5  6  7  8  9 10 11 12 13 14 15 |
---------------+----------------------------------------------+-----
Fighting       | 4 5 6 7 9 10 12 13 14 | 14.4
Armour         | 1 2 3 4 5 7 8 9 11 12 13 14 | 14.5
Dodging        | 4 5 6 7 8 9 10 11 | 11.2
Throwing       | 1 2 3 5 6 7 |  7.8
Short Blades   | 1 2 4 |  4.9
Long Blades    | 5 8 9 11 12 14 15 16 | 16.0
Evocations     | 2 3 4 5 6 7 |  7.8
Stealth        | |  1.6

Action                   |  1- 3 |  4- 6 |  7- 9 | 10-12 | 13-15 || total
-------------------------+-------+-------+-------+-------+-------++-------
Melee: Falchion          |    81 |     4 |   118 |       |       ||   203
       Headbutt          |    14 |    32 |    75 |    89 |   147 ||   357
       Short sword       |       |   135 |    40 |       |       ||   175
       Great sword       |       |       |   180 |   384 |   362 ||   926
       Triple sword      |       |       |       |       |   152 ||   152
Throw: Dart              |       |     4 |    11 |    32 |       ||    47
       Boomerang         |       |       |       |       |     2 ||     2
Invok: Berserk           |       |       |     2 |     6 |       ||     8
Evoke: Wand              |       |       |       |     5 |       ||     5
       Tin of tremorston |       |       |       |     3 |     6 ||     9
       Lightning rod     |       |       |       |     2 |     7 ||     9
  Use: Potion            |       |     7 |     3 |     3 |     1 ||    14
       Scroll            |       |     9 |     7 |     9 |    10 ||    35
 Stab: Distracted        |       |       |     1 |     1 |       ||     2
       Invisible         |       |       |       |     1 |       ||     1
Armor: Scale mail        |    53 |    21 |       |       |       ||    74
       Robe              |     2 |       |       |       |       ||     2
       Chain mail        |       |    17 |   217 |   286 |       ||   520
       Plate armour      |       |       |       |    56 |   490 ||   546
Dodge: Dodged            |    59 |    48 |   208 |   277 |   471 ||  1063
       Rpst.: Falchion   |    15 |     3 |    12 |       |       ||    30
       Great sword       |       |       |    42 |    72 |    65 ||   179
       Triple sword      |       |       |       |       |    37 ||    37

Table legend: (Time is in decaauts)
 A = Elapsed time spent in this place.
 B = Non-inter-level travel time spent in this place.
 C = Inter-level travel time spent in this place.
 D = Time resting spent in this place.
 E = Time spent auto-exploring this place.
 F = Levels seen in this place.
 G = Mean time per level.
                   A        B        C        D        E       F      G
               +--------+--------+--------+--------+--------+-----+--------+
         Total |  19837 |  18838 |    999 |   3880 |   4902 |  22 |  901.7 |
       Dungeon |  14649 |  13800 |    849 |   2972 |   4902 |  13 | 1126.8 |
          Lair |   4522 |   4372 |    150 |    724 |      0 |   6 |  753.7 |
         Swamp |     13 |     13 |      0 |      0 |      0 |   1 |   13.0 |
         Sewer |    354 |    354 |      0 |     71 |      0 |   1 |  354.0 |
       Volcano |    298 |    298 |      0 |    113 |      0 |   1 |  298.0 |
               +--------+--------+--------+--------+--------+-----+--------+

Top non-repeatable levels by time:
    D:10: 2006 daAuts
     D:6: 1501 daAuts
    D:11: 1395 daAuts
     D:5: 1352 daAuts
     D:9: 1334 daAuts
     D:7: 1276 daAuts
    D:13: 1134 daAuts
  Lair:6: 945 daAuts
     D:1: 862 daAuts
  Lair:1: 853 daAuts
     D:3: 842 daAuts
    D:12: 835 daAuts
     D:2: 792 daAuts
     D:4: 769 daAuts
  Lair:4: 740 daAuts
